 Dungeon Crawl Stone Soup version 0.21.1-1-g345015fe64 (webtiles) character file.

36 Oravi the Vandal (level 3, -1/24 HPs)
             Began as a Halfling Hunter on Apr 21, 2018.
             Shot with an arrow by a centaur (14 damage)
             ... on level 2 of the Dungeon.
             The game lasted 00:02:09 (974 turns).

Oravi the Vandal (Halfling Hunter)                   Turns: 974, Time: 00:02:09

Health: -1/24      AC:  3    Str: 13    XL:     3   Next: 57%
Magic:  3/3        EV: 15    Int:  9    God:
Gold:   40         SH:  0    Dex: 15    Spells: 2/2 levels left

rFire    . . .     SeeInvis .   a - +1 hunting sling
rCold    . . .     Gourm    .   (shield restricted)
rNeg     . . .     Faith    .   c - +0 leather armour
rPois    .         Spirit   .   (no helmet)
rElec    .         Reflect  .   (no cloak)
rCorr    .         Harm     .   (no gloves)
MR       .....                  (no boots)
Stlth    ++........             (no amulet)
HPRegen  0.08/turn              (no ring)
MPRegen  0.08/turn              (no ring)

@: no status effects
A: small, mutation resistance 1
a: no special abilities


You were on level 2 of the Dungeon.
You were not hungry.

You visited 1 branch of the dungeon, and saw 2 of its levels.

You collected 40 gold pieces.

Inventory:

Hand Weapons
 a - a +1 hunting sling (weapon)
 b - a +0 short sword
Missiles
 d - 16 sling bullets (quivered)
 h - 46 stones
Armour
 c - a +0 leather armour (worn)
Jewellery
 e - a cursed ring of loudness {unknown}
Scrolls
 n - a scroll of identify {unknown}
 o - a scroll of teleportation {unknown}
Potions
 g - a potion of curing {unknown}
 j - a potion of cancellation {unknown}
 k - a potion of might {unknown}
 l - a potion of magic {unknown}
 m - a potion of haste {unknown}
Comestibles
 f - 2 rations
 i - 3 chunks of flesh


   Skills:
 + Level 2.1 Fighting
 * Level 1.3 Short Blades
 + Level 6.6 Slings
 + Level 0.2 Armour
 * Level 2.5 Dodging
 - Level 1.1 Stealth


You had 2 spell levels left.
You didn't know any spells.

Dungeon Overview and Level Annotations

Branches:
Dungeon (2/15)

Altars:
Uskayaw
Xom


Innate Abilities, Weirdness & Mutations

You are small and have problems with some larger weapons.
You are somewhat resistant to further mutation.


Message History

a short sword; a hand axe Firing (i - inventory. (,) - cycle):
d - 19 sling bullets (quivered)
Press: ? - help, Shift-Dir - straight line, f - orc
Aim: an orc, wielding an enchanted whip You shoot a sling bullet.
The sling bullet completely misses the orc.
Firing (i - inventory. (,) - cycle):
d - 18 sling bullets (quivered)
Press: ? - help, Shift-Dir - straight line, f/p - orc
Aim: an orc, wielding an enchanted whip You shoot a sling bullet.
The sling bullet hits the orc!
You kill the orc!
The centaur shoots an arrow.
The arrow misses you.
Firing (i - inventory. (,) - cycle):
d - 17 sling bullets (quivered)
Press: ? - help, Shift-Dir - straight line, f - centaur
Aim: a centaur, wielding a shortbow You shoot a sling bullet.
The sling bullet hits the centaur!
The centaur is heavily wounded.
The centaur shoots an arrow.
The arrow hits you!
Ouch! That really hurt!
You die...

c.. #...#.## #.#
#...#..# #c#
#...##.# #(#
#...##.# #(#
####...##[# #(#
#......##.#### #.#
#......##..... #(#
#......###..## #@#
#......# #..## #.#
#......# ##...
#.###......####...
#.................
##########...##..#
##.....##..#
#......##..#
#......##...
#...#.###...


You could see a centaur.

Vanquished Creatures
  A worm (D:2)
  An orc (D:2)
  A ball python (D:1)
  A giant cockroach (D:1)
  6 goblins (D:1)
  3 hobgoblins (D:1)
  2 quokkas (D:2)
  6 bats
  3 frilled lizards
  4 kobolds
  2 rats (D:2)
30 creatures vanquished.

Notes
Turn   | Place    | Note
-------+----------+-------------------------------------------
     0 | D:1      | Oravi the Halfling Hunter began the quest for the Orb.
     0 | D:1      | Reached XP level 1. HP: 14/14 MP: 1/1
     2 | D:1      | Noticed a ghoul
     2 | D:1      | Noticed a centaur
     4 | D:1      | Noticed a human
     4 | D:1      | Noticed a minotaur
     6 | D:1      | Noticed an ogre
     8 | D:1      | Noticed a formicid
     8 | D:1      | Noticed a vine stalker
    10 | D:1      | Noticed a naga
    10 | D:1      | Noticed a demonspawn
    12 | D:1      | Noticed a spriggan
    12 | D:1      | Noticed a tengu
    16 | D:1      | Noticed a gargoyle
    16 | D:1      | Noticed a halfling
    18 | D:1      | Noticed a troll
    18 | D:1      | Noticed a dwarf
    20 | D:1      | Noticed a draconian
    20 | D:1      | Noticed a felid
    22 | D:1      | Noticed a demigod
    24 | D:1      | Noticed an elf
    24 | D:1      | Noticed an octopode
    26 | D:1      | Noticed a vampire
    26 | D:1      | Noticed a merfolk
   137 | D:1      | Reached skill level 6 in Slings
   181 | D:1      | Found a shimmering altar of Xom.
   185 | D:1      | Reached XP level 2. HP: 19/19 MP: 2/2
   540 | D:1      | Reached XP level 3. HP: 23/24 MP: 3/3
   739 | D:2      | Reached skill level 1 in Short Blades
   889 | D:2      | Noticed a hand axe
   890 | D:2      | Noticed a dagger
   890 | D:2      | Found a hide-covered altar of Uskayaw.
   966 | D:2      | Noticed a centaur
   974 | D:2      | Shot with an arrow by a centaur

Skill      XL: |  1  2  3 |
---------------+----------+-----
Slings         | 6 |  6.6
Fighting       | 2 |  2.1
Short Blades   | 1 |  1.3
Armour         | |  0.2
Dodging        | |  2.5
Stealth        | |  1.1

Action                   || total
-------------------------++-------
Melee: Short sword       ||    22
 Fire: Hunting sling     ||    73
Armor: Leather armour    ||     4
Dodge: Dodged            ||    27
